 Dungeon Crawl Stone Soup version 0.21-a0-153-g78480df (webtiles) character file.

33 grisnicke the Vexing (level 3, -1/21 HPs)
             Began as a Kobold Arcane Marksman on July 31, 2017.
             Slain by a leopard gecko (2 damage)
             ... on level 1 of the Dungeon.
             The game lasted 00:07:03 (1593 turns).

grisnicke the Vexing (Kobold Arcane Marksman)       Turns: 1593, Time: 00:07:04

Health: -1/21      AC:  2    Str:  7    XL:     3   Next: 47%
Magic:  5/5        EV: 15    Int: 15    God:
Gold:   45         SH:  0    Dex: 15    Spells: 3/4 levels left

rFire    . . .     SeeInvis +   a - +0 hand crossbow
rCold    . . .     Gourm    .   (shield restricted)
rNeg     . . .     Faith    .   e - +0 robe
rPois    .         Spirit   .   (no helmet)
rElec    .         Reflect  .   (no cloak)
rCorr    .         Harm     .   (no gloves)
MR       .....                  (no boots)
Stlth    +.........             (no amulet)
HPRegen  0.07/turn              m - ring of see invisible {sInv, !d}
MPRegen  0.09/turn              (no ring)

@: no status effects
A: carnivore 3
a: no special abilities


You were on level 1 of the Dungeon.
You were not hungry.

You visited 1 branch of the dungeon, and saw 1 of its levels.

You collected 45 gold pieces.

Inventory:

Hand Weapons
 a - a +0 hand crossbow (weapon)
 b - a +0 club
   (You took it off a kobold on level 1 of the Dungeon)
Missiles
 d - 15 bolts (quivered)
 h - 16 stones
 i - 13 sling bullets
Armour
 e - a +0 robe (worn)
 k - a +0 ring mail
   (You took it off a hobgoblin on level 1 of the Dungeon)
Jewellery
 m - a ring of see invisible (left hand) {sInv, !d}
   (You took it off a goblin on level 1 of the Dungeon)
Scrolls
 g - a scroll of fear {unknown}
 j - a scroll of amnesia {unknown}
 n - a scroll of identify {unknown}
 p - a scroll of magic mapping {unknown}
Potions
 o - a potion of cancellation {unknown}
Books
 c - a book of Debilitation
Comestibles
 f - a meat ration {@e2}
 l - a royal jelly


   Skills:
 + Level 2.2 Fighting
 - Level 2.5 Crossbows
 - Level 2.4 Dodging
 - Level 1.4 Spellcasting
 + Level 3.6 Hexes


You had 3 spell levels left.
You knew the following spells:

 Your Spells              Type           Power        Failure   Level  Hunger
v - Corona                Hex            ##.....      5%          1    ##.....


Dungeon Overview and Level Annotations

Branches:
Dungeon (1/15)

Altars:


Innate Abilities, Weirdness & Mutations

You are small and have problems with some larger weapons.
You are carnivorous and can eat meat at any time.


Message History

You closely miss the kobold. The kobold closely misses you.
You hit the kobold. The kobold hits you. x2
You take 3 damage, and have 18/21 hp.
You closely miss the kobold. The kobold hits you but does no damage.
You hit the kobold but do no damage. The kobold hits you.
You take 4 damage, and have 14/21 hp.
You closely miss the kobold. The kobold misses you. x2
You hit the kobold. The kobold completely misses you.
You hit the kobold.
You kill the kobold!
You start resting.
Health restored: 21
p - a scroll labeled XOIWETR ALUXT
Found a stone staircase leading down.
A frilled lizard comes into view.
A rat comes into view.
a - a +0 hand crossbow (weapon)
Aim: a frilled lizard (resting)
You shoot a bolt. The bolt hits the frilled lizard!
You kill the frilled lizard!
b - a +0 club (weapon)
The rat barely misses you.
Found a stone staircase leading down.
You closely miss the rat. The rat bites you.
The rat bites you but does no damage.
You take 2 damage, and have 19/21 hp.
You barely miss the rat. The rat barely misses you.
You hit the rat but do no damage. The rat bites you.
You hit the rat.
You kill the rat!
d - 16 bolts (gained 1)
You see here a frilled lizard corpse.
You butcher the frilled lizard corpse.
q - a chunk of flesh {@w0} Eating a chunk of flesh {@w0}.
You eat the chunk of flesh {@w0}.
This raw flesh tastes great.
You see here 12 arrows.
Found an escape hatch in the floor.
There is an escape hatch in the floor here.
A rat comes into view.
Health restored: 21 The rat bites you.
You take 2 damage, and have 19/21 hp.
You hit the rat.
You kill the rat!
You see here a whip.
You hit the ooze. The ooze misses you.
You hit the ooze. The ooze hits you.
You take 2 damage, and have 18/21 hp.
You hit the ooze. The ooze completely misses you. The ooze closely misses you.
You barely miss the ooze. The ooze closely misses you.
You hit the ooze. The ooze misses you.
You hit the ooze. The ooze hits you but does no damage.
The ooze closely misses you.
You hit the ooze but do no damage. The ooze completely misses you.
You hit the ooze. The ooze hits you.
You take 1 damage, and have 17/21 hp.
You hit the ooze but do no damage. The ooze barely misses you.
You hit the ooze.
You kill the ooze!
A leopard gecko comes into view.
You closely miss the leopard gecko. The leopard gecko closely misses you.
You hit the leopard gecko. The leopard gecko closely misses you.
The leopard gecko bites you.
You take 4 damage, and have 15/21 hp.
You hit the leopard gecko. The leopard gecko barely misses you.
You hit the leopard gecko but do no damage.
The leopard gecko closely misses you. The leopard gecko bites you.
You take 4 damage, and have 11/21 hp.
You miss the leopard gecko.
The leopard gecko completely misses you. x2
You hit the leopard gecko but do no damage.
The leopard gecko closely misses you.
You barely miss the leopard gecko. The leopard gecko misses you.
The leopard gecko bites you.
You take 4 damage, and have 7/21 hp.
You barely miss the leopard gecko. The leopard gecko bites you.
* * * LOW HITPOINT WARNING * * *
You take 3 damage, and have 4/21 hp.
You closely miss the leopard gecko. The leopard gecko barely misses you.
The leopard gecko closely misses you.
You hit the leopard gecko. The leopard gecko misses you.
You completely miss the leopard gecko.
The leopard gecko bites you but does no damage.
The leopard gecko bites you.
* * * LOW HITPOINT WARNING * * *
You take 2 damage, and have 2/21 hp.
You hit the leopard gecko but do no damage.
The leopard gecko barely misses you. The leopard gecko closely misses you.
You closely miss the leopard gecko. The leopard gecko closely misses you.
You barely miss the leopard gecko. The leopard gecko bites you.
* * * LOW HITPOINT WARNING * * *
The leopard gecko completely misses you.
You take 1 damage, and have 1/21 hp.
a - a +0 hand crossbow (weapon)
Aim: a leopard gecko (severely wounded, clinging)
You shoot a bolt.
The bolt hits the leopard gecko but does no damage.
The leopard gecko bites you.
You die...

##..# ≈#..# ##.###########
##.# #.......# #### ##)#
#..####.# #.. .# ##.#
#..####.# #.#####.## ##.#
#..#....# ###........# ...#
#..#.##.####......#...#
######..#.##.#..@..>.#.#...#
# #........#.##l#..#.....#
#.###..#.#.##.#........#
#.###..#......#..##(.#.#
#.##...###.####...>....#
###.##.#.###.#####.##.####
###........##........##.##
....#.......#.....#####..#
......#####.......# ##.#


You could see a leopard gecko.

Vanquished Creatures
  An ooze (D:1)
  A worm (D:1)
  4 bats (D:1)
  2 goblins (D:1)
  3 hobgoblins (D:1)
  2 frilled lizards (D:1)
  9 kobolds (D:1)
  A leopard gecko skeleton (D:1)
  5 rats (D:1)
28 creatures vanquished.

Vanquished Creatures (others)
  4 toadstools (D:1)
4 creatures vanquished.

Grand Total: 32 creatures vanquished

Notes
Turn   | Place    | Note
-------+----------+-------------------------------------------
     0 | D:1      | grisnicke the Kobold Arcane Marksman began the quest for the Orb.
     0 | D:1      | Reached XP level 1. HP: 12/12 MP: 2/2
    98 | D:1      | Reached XP level 2. HP: 13/16 MP: 4/4
   769 | D:1      | Reached skill level 2 in Fighting
   769 | D:1      | Reached XP level 3. HP: 20/21 MP: 5/5
  1585 | D:1      | HP: 4/21 [leopard gecko (4)]
  1591 | D:1      | HP: 1/21 [leopard gecko (1)]
  1593 | D:1      | Slain by a leopard gecko

Vault maps used:
D:1:      ldierk_walled_garden_2, minmay_cut_off

Skill      XL: |  1  2 |
---------------+-------+-----
Fighting       | 2 |  2.2
Crossbows      | |  2.5
Dodging        | |  2.4
Spellcasting   | |  1.4
Hexes          | |  3.6

Action                   || total
-------------------------++-------
Melee: Club              ||   113
 Fire: Hand crossbow     ||    42
Throw: Stone             ||    11
 Cast: Corona            ||     7
  Eat: Chunk             ||     6
Armor: Robe              ||    15
Dodge: Dodged            ||   121

Vault maps used:
D:1:      ldierk_walled_garden_2, minmay_cut_off

Table legend:
 A = Turns spent in this place as a percentage of turns spent in the entire game.
 B = Non-inter-level travel turns spent in this place as a percentage of non-inter-level travel turns spent in the entire game.
 C = Inter-level travel turns spent in this place as a percentage of turns spent in this place.
 D = Turns resting spent in this place as a percentage of non-inter-level travel turns spent in this place.
 E = Turns spent auto-exploring this place as a percentage of non-inter-level travel turns spent in this place.
 F = Non-inter-level travel turns spent in this place divided by the number of levels of this place that you've seen.
                   A       B       C       D       E      F
               +-------+-------+-------+-------+-------+----------------------
         Total | 100.0 | 100.0 |   0.0 |   4.2 |   4.7 | 472.0
       Dungeon | 100.0 | 100.0 |   0.0 |   4.2 |   4.7 | 472.0
               +-------+-------+-------+-------+-------+----------------------

Table legend:
 A = Kills in this place as a percentage of kills in entire the game.
 B = Kills by you in this place as a percentage of kills by you in the entire game.
 C = Kills by friends in this place as a percentage of kills by friends in the entire game.
 D = Other kills in this place as a percentage of other kills in the entire game.
 E = Experience gained in this place as a percentage of experience gained in the entire game.
 F = Experience gained in this place divided by the number of levels of this place that you have seen.
                   A       B       C       D       E      F
               +-------+-------+-------+-------+-------+----------------------
         Total | 100.0 | 100.0 |  -nan |  -nan | 100.0 |  48.0
       Dungeon | 100.0 | 100.0 |  -nan |  -nan | 100.0 |  48.0
               +-------+-------+-------+-------+-------+----------------------
